 Dungeon Crawl Stone Soup version 0.21.1-1-g345015f (webtiles) character file.

65 Mirai the Magician (level 3, -1/19 HPs)
             Began as a Deep Elf Conjurer on Mar 24, 2018.
             Slain by a goblin
             ... wielding a +0 dagger
              (5 damage)
             ... on level 3 of the Dungeon.
             The game lasted 00:05:12 (2111 turns).

Mirai the Magician (Deep Elf Conjurer)              Turns: 2111, Time: 00:05:13

Health: -1/19      AC:  2    Str:  5    XL:     3   Next: 92%
Magic:  2/11       EV: 13    Int: 20    God:
Gold:   85         SH:  0    Dex: 15    Spells: 9/12 levels left

rFire    . . .     SeeInvis .   k - -2 whip (curse)
rCold    . . .     Gourm    .   (no shield)
rNeg     . . .     Faith    .   a - +0 robe
rPois    .         Spirit   .   (no helmet)
rElec    .         Reflect  .   (no cloak)
rCorr    .         Harm     .   (no gloves)
MR       .....                  (no boots)
Stlth    ++........             (no amulet)
HPRegen  0.06/turn              (no ring)
MPRegen  0.12/turn              (no ring)

@: no status effects
A: no striking features
a: no special abilities


You were on level 3 of the Dungeon.
You were not hungry.

You visited 1 branch of the dungeon, and saw 3 of its levels.

You collected 85 gold pieces.

Inventory:

Hand Weapons
 e - a +0 dagger
 k - a cursed -2 whip (weapon)
 n - a +0 short sword
 p - a +0 rapier
Armour
 a - a +0 robe (worn)
 q - a +0 ring mail of cold resistance
Scrolls
 d - a scroll of fog {unknown}
 g - 3 scrolls of identify {unknown}
 h - a scroll of amnesia {unknown}
 j - a scroll of immolation {unknown}
 l - 2 scrolls of teleportation {unknown}
 m - a scroll of enchant weapon {unknown}
 u - a scroll of noise {unknown}
Potions
 f - 2 potions of agility {unknown}
 i - a potion of flight {unknown}
 o - a potion of degeneration {unknown}
 r - a potion of cancellation {unknown}
 t - a potion of berserk rage {unknown}
Books
 b - a book of Conjurations

   Spells                             Type                      Level
   a - Magic Dart                     Conjuration                  1
   b - Searing Ray                    Conjuration                  2
   c - Dazzling Spray                 Conjuration/Hexes            3
   d - Fulminant Prism                Conjuration/Hexes            4
   e - Force Lance                    Conjuration/Translocation    4
   f - Iskenderun's Mystic Blast      Conjuration                  4
Comestibles
 c - 3 rations
 s - 8 chunks of flesh


   Skills:
 - Level 2.5 Dodging
 - Level 2.4 Stealth
 + Level 5.4 Spellcasting
 - Level 4.6 Conjurations


You had 9 spell levels left.
You knew the following spells:

 Your Spells              Type           Power        Failure   Level  Hunger
a - Magic Dart            Conj           ###.         1%          1    None
b - Searing Ray           Conj           ###...       2%          2    None


Dungeon Overview and Level Annotations

Branches:
Dungeon (3/15)

Altars:

Annotations:
D:3 lorenzova's ghost, amateur DECj


Message History

Lorenzova's ghost casts a spell at you. The magic dart hits you!
* * * LOW HITPOINT WARNING * * *
The searing ray hits lorenzova's ghost.
Lorenzova's ghost is almost destroyed.
Lorenzova's ghost hits you.
* * * LOW HITPOINT WARNING * * *
The searing ray misses lorenzova's ghost.
You finish channeling your searing ray.
The goblin barely misses you. Lorenzova's ghost closely misses you.
Casting: Searing Ray
Confirm with . or Enter, or press ? or * to list all spells.
Aiming: Searing Ray
Press: ? - help, Shift-Dir - straight line, f/p - lorenzova's ghost
Aim: lorenzova's ghost (almost destroyed)
The searing ray misses lorenzova's ghost. (Press . to maintain the ray.) Lorenzova's ghost completely misses you.
The goblin hits you with a dagger.
You die...

#..# .. #..# .#####
##.# #. #. #'#... #.#
... #. ....### #>#
#.##'###....... ###
#.............. ####
#.....g...... #...
#....@W.....##.####.##
#.....#+#...##........
#.....# #######.#.
#.....#.# #.#.
#.......# #...
#.####### ###. #.# #.
#.# ############ #.#
#...........


You could see lorenzova's ghost and a goblin.

Vanquished Creatures
  An ooze (D:2)
  2 leopard geckos
  3 orcs
  4 bats
  3 giant cockroaches
  7 goblins
  7 hobgoblins
  4 jackals
  10 kobolds
  6 frilled lizards
  4 rats
51 creatures vanquished.

Notes
Turn   | Place    | Note
-------+----------+-------------------------------------------
     0 | D:1      | Mirai the Deep Elf Conjurer began the quest for the Orb.
     0 | D:1      | Reached XP level 1. HP: 10/10 MP: 6/6
   215 | D:1      | Reached XP level 2. HP: 12/15 MP: 2/8
   346 | D:1      | Learned a level 2 spell: Searing Ray
   424 | D:1      | Reached skill level 4 in Spellcasting
   900 | D:2      | Reached XP level 3. HP: 19/19 MP: 7/10
  1288 | D:2      | Reached skill level 5 in Spellcasting
  2104 | D:3      | Noticed lorenzova's ghost (amateur DECj)
  2111 | D:3      | Slain by a goblin

Skill      XL: |  1  2  3 |
---------------+----------+-----
Spellcasting   | 4 5 |  5.4
Dodging        | |  2.5
Stealth        | |  2.4
Conjurations   | |  4.6

Action                   || total
-------------------------++-------
Melee: Unarmed           ||     3
       Dagger            ||     1
       Whip              ||     3
 Cast: Magic Dart        ||    97
       Searing Ray       ||     2
  Eat: Chunk             ||     3
Armor: Robe              ||     9
Dodge: Dodged            ||    32
